[Event "Champions Chess Tour Finals 2024"]
[Date "2024.12.17"]
[White "Nepomniachtchi, Ian"]
[Black "So, Wesley"]
[WhiteElo "2758"]
[BlackElo "2826"]
[Round "1.1"]
[Result "1-0"]
[TimeControl "600+2"]

1. e4 e5 2. Nf3 Nc6 3. Bc4 Nf6 4. d3 Be7 5. O-O O-O 6. Nbd2 d5 7. exd5 Nxd5 8.
Re1 f6 9. a4 Kh8 10. h3 Bf5 11. Nh4 Be6 12. Nf1 Qd7 13. Ng3 Rad8 14. Bd2 a6 15. a5 g6 16. Nf3 Rfe8 17. Ne4 Bg8 18. Qc1 Ndb4 19. Bxg8 Kxg8 20. Be3 f5 21. Nc5 Qd5 22. Na4 Bf6 23. Nc3 Qd6 24. Ra4 Nd4 25. Bxd4 exd4 26. Ne2 c5 27. Qd2 Re7 28.
Raa1 Rde8 29. Rad1 Nc6 30. Ng3 Qc7 31. Rxe7 Rxe7 32. Ra1 Kg7 33. Ne2 Re8 34. Nf4 Qd6 35. g3 Bd8 36. h4 h6 37. Kg2 g5 38.
hxg5 hxg5 39. Ne2 g4 40. Nh2 Rh8 41. Nf4 Ne5 42. Qe2 Bc7 43. Rh1 Qc6+ 44. Kg1 Kf7 45. Qf1 Rxh2 46. Rxh2 Nf3+ 47. Kh1 Bxf4 48. gxf4 Nxh2+ 49. Kxh2 Qf3 50. Qg2 Qxf4+ 51. Kg1 Qc1+ 52. Kh2 Qh6+ 53. Kg1 Qc1+ 54. Kh2 Qf4+ 55. Kg1 Qc7 56. Qh1 Kg6 57. Qh8 Qf7 58.
Qe5 Qf8 59. Qc7 Qe8 60. Qxb7 Qe1+ 61. Kg2 f4 62. Qd5 f3+ 63.
Kg3 Qg1+ 64. Kf4 Qxf2 65. Qf5+ Kg7 66. Qxg4+ Kf7 67. Qxf3 Qxc2 68. Ke5+ Kg7 69. Qf6+ Kh7 70. Qxa6 Qxb2 71. Qc4 Qc3 72. Qf7+ Kh6 1-0

[Variant "Standard"]
[Site "Europe Echecs"]

[Event "Champions Chess Tour Finals 2024"]
[Date "2024.12.17"]
[White "Vachier-Lagrave, Maxime"]
[Black "Lazavik, Denis"]
[WhiteElo "2763"]
[BlackElo "2553"]
[Round "1.1"]
[Result "1/2-1/2"]
[TimeControl "600+2"]

1. d4 Nf6 2. c4 e6 3. Nc3 Bb4 4. f3 d5 5. a3 Be7 6. e4 dxc4 7. Be3 b5 8.
Nxb5 Ba6 9. Nc3 O-O 10. Nh3 c5 11. dxc5 Qc7 12. Qc2 Bxc5 13. Bxc5 Qxc5 14. Qf2 Qa5 15. Be2 Nc6 16. O-O Rab8 17. Rab1 Rfd8 18. Rfd1 Rxd1+ 19. Nxd1 h6 20. Bf1 Nd7 21. Rc1 Nb6 22. Nf4 Ne5 23. Qe3 Rd8 24. Nc3 Nd3 25. Rd1 Qg5 26. h4 Qxh4 27. Nxd3 cxd3 28. Bxd3 Bxd3 29. Rxd3 Rxd3 30. Qxd3 Qe1+ 31. Kh2 Qh4+ 32. Kg1 Qe1+ 1/2-1/2

[Variant "Standard"]
[Site "Europe Echecs"]

[Event "Champions Chess Tour Finals 2024"]
[Date "2024.12.17"]
[White "Carlsen, Magnus"]
[Black "Keymer, Vincent"]
[WhiteElo "2838"]
[BlackElo "2649"]
[Round "1.1"]
[Result "1-0"]
[TimeControl "600+2"]

1. Nf3 d5 2. e3 Nf6 3. b3 c5 4. Bb2 g6 5. Bb5+ Bd7 6. Bxf6 exf6 7. Bxd7+ Qxd7 8. c3 Nc6 9. d4 cxd4 10. cxd4 Bb4+ 11. Nfd2 Rc8 12. O-O O-O 13.
a3 Bd6 14. Nc3 Ne7 15. Ne2 Rc6 16. b4 Rfc8 17. Rc1 Rxc1 18. Nxc1 Qc7 19. g3 Qc2 20. Ncb3 Qd3 21. Qb1 Qa6 22. Qb2 b6 23.
Rc1 Rxc1+ 24. Nxc1 h5 25. Qb3 Qc8 26. Ne2 h4 27. Nc3 Qf5 28. Qb1 Qg4 29. Kg2 hxg3 30. hxg3 Kg7 31. Qd1 Qxd1 32. Nxd1 f5 33. Nc3 Kf6 34. Nf3 g5 35.
Kf1 g4 36. Ne1 Ke6 37. Nd3 Ng8 38. Ke2 Nf6 39. Kd2 Ne4+ 40. Kc2 Nf6 41. a4 Ne4 42. Kb3 Nd2+ 43. Kb2 Ne4 44. Kc2 a6 45.
Ne2 Kd7 46. Nec1 Kc6 47. Nb3 Kc7 48. Nbc1 Kc6 49. Na2 Kd7 50.
Nc3 Ke6 51. a5 b5 52. Nd1 Kd7 53. Nc5+ Bxc5 54. dxc5 Kc7 55. Kd3 Kc6 56. Kd4 f6 57. Nc3 Nxc3 58. Kxc3 Kc7 59. Kd3 Kd7 60.
Ke2 Kc7 61. f3 Kd7 62. fxg4 fxg4 63. Kd3 f5 64. Kd4 Ke6 65.
c6 1-0

[Variant "Standard"]
[Site "Europe Echecs"]

[Event "Champions Chess Tour Finals 2024"]
[Date "2024.12.17"]
[White "Firouzja, Alireza"]
[Black "Aronian, Levon"]
[WhiteElo "2756"]
[BlackElo "2818"]
[Round "1.1"]
[Result "1-0"]
[TimeControl "600+2"]

1. e4 c5 2. Nf3 d6 3. d4 cxd4 4. Nxd4 Nf6 5. Nc3 a6 6. Bd3 e5 7. Nde2 Be7 8.
O-O Be6 9. f4 exf4 10. Nxf4 Nc6 11. Be3 Ne5 12. a4 O-O 13.
Qe1 Rc8 14. a5 Nfd7 15. Ncd5 Bg5 16. Bd4 Nc5 17. Qg3 Bh4 18.
Qe3 Bg5 19. Qe2 Bh6 20. b4 Ncd7 21. h3 Re8 22. Rf2 Nc6 23. Bb2 Bxf4 24. Nxf4 Nxb4 25. Nxe6 Rxe6 26. Bc4 d5 27. Qf3 Nf6 28.
exd5 Rd6 29. Bb3 Nbxd5 30. Rd1 Ne7 31. Rxd6 Qxd6 32. Qxb7 Rb8 33. Qa7 Re8 34. Rf1 Rf8 35. Qb6 Nc6 36. Qe3 Nxa5 37. Ba3 Re8 38. Qxe8+ Nxe8 39. Bxf7+ Kh8 40. Bxd6 Nxd6 41. Bd5 1-0

[Variant "Standard"]
[Site "Europe Echecs"]

[Event "Champions Chess Tour Finals 2024"]
[Date "2024.12.17"]
[White "So, Wesley"]
[Black "Nepomniachtchi, Ian"]
[WhiteElo "2826"]
[BlackElo "2758"]
[Round "1.2"]
[Result "1/2-1/2"]
[TimeControl "600+2"]

1. c4 e5 2. g3 c6 3. d4 Bb4+ 4. Bd2 Bxd2+ 5. Qxd2 d6 6. Nc3 Nf6 7. e4 O-O 8. Bg2 b5 9. cxb5 cxb5 10. Nge2 b4 11. Nd5 Nxd5 12. exd5 exd4 13. O-O Ba6 14. Rfe1 Bxe2 15. Rxe2 a5 16. Qxd4 Nd7 17. Rae1 Rc8 18. h4 h6 19. Bh3 Ne5 20. Kg2 Rc4 21.
Qd2 Rc5 22. b3 Qa8 23. Rd1 Rc3 24. Re3 Rxe3 25. Qxe3 Re8 26. Qb6 Qd8 27. Qxd8 Rxd8 28. f4 Nd7 29. Bxd7 Rxd7 30. Rc1 Ra7 31. Rc8+ Kh7 32. Kf3 f5 33. h5 a4 34. Rc4 axb3 35. axb3 Ra5 36. Rd4 g6 37. Rxb4 gxh5 38. Rd4 Kg6 39. Rd3 Rb5 40. Ke3 h4 41. gxh4 Kh5 42. Kd4 Kxh4 43. Kc4 Rc5+ 44. Kd4 Rb5 45. Kc4 Rc5+ 46. Kd4 1/2-1/2

[Variant "Standard"]
[Site "Europe Echecs"]

[Event "Champions Chess Tour Finals 2024"]
[Date "2024.12.17"]
[White "Lazavik, Denis"]
[Black "Vachier-Lagrave, Maxime"]
[WhiteElo "2553"]
[BlackElo "2763"]
[Round "1.2"]
[Result "1-0"]
[TimeControl "600+2"]

1. d4 Nf6 2. Nf3 g6 3. c4 Bg7 4. e3 O-O
5. Be2 c5 6. d5 d6 7. Nc3 e6 8. Nd2 b5 9. dxe6 Bxe6 10. cxb5 d5 11. O-O Nbd7 12.
Nf3 h6 13. a4 Qc7 14. a5 Rad8 15. Ra4 Rfe8 16. Bd2 Ng4 17. Nxd5 Bxd5 18. Rxg4 Nf6 19. Ra4 Ne4 20. Qc2 c4 21. Bxc4 Nd6 22. Bb3 Qxc2 23. Bxc2 Nxb5 24. Bc1 Rb8 25. Rd1 Be6 26. Ra1 Rec8 27. Bd3 Bb3 28. Re1 Rd8 29. Bxb5 Rxb5 30. Nd4 Rb7 31. a6 Rb6 32.
Bd2 Rd7 33. Bc3 Bc4 34. Ra4 Bd3 35. Rea1 Rdd6 36. h3 Bf8 37.
Nf3 Rxa6 38. Rxa6 Rxa6 39. Rxa6 Bxa6 40. Bd4 Bb7 41. Bxa7 f6 42.
Bd4 Kf7 43. Nd2 Ke6 44. f3 f5 45. Kf2 Bd5 46. Nb1 Bb4 47. Nc3 Bxc3 48. Bxc3 g5 49. g4 fxg4 50. hxg4 Kf7 51. e4 Bb3 52.
Ke3 Kg6 53. f4 gxf4+ 54. Kxf4 Kf7 55. Bb4 Be6 56. Bc5 Bc8 57.
b4 Bd7 58. Be3 Kf6 59. Bd4+ Kf7 60. Bc3 Kg6 61. Bd2 Kf7 62.
g5 hxg5+ 63. Kxg5 Ke6 64. Kf4 Kd6 65. Ke3 Bb5 66. Kd4 Bf1 67. Bf4+ Kc6 68. Ke5 Bd3 69. Bd2 Bc2 70. Kf4 Bb1 71. Ke3 Bc2 72. Kd4 Bb1 73. Bc3 Bc2 74. e5 Bf5 75. Ke3 Kd5 76. Kf4 Bd7 77. Bd2 Kd4 78. Be1 Kd5 79. Bf2 Kc4 80. Bc5 Kd5 81. Bd6 Kc6 82. Kg5 Be6 83. Kf6 Bc4 84. Ke7 Kd5 85. e6 Kc6 86. Bc5 Bb3 87. Kf6 Bc4 88. e7 Kd7 89. Ke5 Bf1 90. Kf6 Bc4 91. Bf2 Ke8 92. Bh4 Kd7 93. Ke5 Bf7 94. b5 Be8 95. Kd5 Kc7 96. Kc5 Kb7 97. b6 Kc8 98. Kd6 Ba4 99.
Ke6 Kb7 100. Bf2 1-0

[Variant "Standard"]
[Site "Europe Echecs"]

[Event "Champions Chess Tour Finals 2024"]
[Date "2024.12.17"]
[White "Keymer, Vincent"]
[Black "Carlsen, Magnus"]
[WhiteElo "2649"]
[BlackElo "2838"]
[Round "1.2"]
[Result "1/2-1/2"]
[TimeControl "600+2"]

1. d4 Nf6 2. c4 e6 3. Nc3 Bb4 4. f3 d5 5. a3 Bxc3+ 6. bxc3 c5 7. cxd5 Nxd5 8.
dxc5 Qa5 9. e4 Nc7 10. Be3 O-O 11. Kf2 Nc6 12. Qb3 e5 13. Bc4 Ne6 14. Ne2 Nxc5 15. Qb5 Qxb5 16. Bxb5 Nb3 17. Rab1 Be6 18. Rhd1 Rfd8 19. Rxd8+ Rxd8 20. c4 Nca5 21. Bxa7 Nd2 22. Rb4 Ra8 23. Be3 Ndxc4 24. a4 Rc8 25. Bc1 f6 26. Rb1 Nd6 27. Bd3 Bc4 28. Bxc4+ Rxc4 29. Ba3 Nc8 30. Rb4 Rc2 31. Rb5 Nc4 32. Bb4 b6 33. Rd5 Nb2 34. Kf1 Nxa4 35. Ng3 g6 36. Rd7 b5 37. Rb7 Ncb6 38. h4 Nc4 39. Kg1 Ne3 40. Kh1 Nxg2 41. Rb8+ Kf7 42. Rb7+ Kg8 43. Rb8+ Kf7 44. Rb7+ 1/2-1/2

[Variant "Standard"]
[Site "Europe Echecs"]

[Event "Champions Chess Tour Finals 2024"]
[Date "2024.12.17"]
[White "Aronian, Levon"]
[Black "Firouzja, Alireza"]
[WhiteElo "2818"]
[BlackElo "2756"]
[Round "1.2"]
[Result "1/2-1/2"]
[TimeControl "600+2"]

1. e4 e5 2. Nf3 Nc6 3. Bb5 Nf6 4. d3 Bc5 5. Bxc6 dxc6 6. c3 Bd6 7. h3 h6 8. Be3 Be6 9. Nbd2 Qe7 10. Nf1 O-O-O 11. Ng3 Kb8 12. Qc2 c5 13.
Nd2 g6 14. b3 Nd7 15. Ne2 f5 16. f3 f4 17. Bf2 g5 18. O-O-O h5 19. d4 cxd4 20. cxd4 exd4 21. Nxd4 Ne5 22. Kb1 Bc8 23.
Nf5 Qe6 24. Bd4 b6 25. Nc4 Nxc4 26. Qxc4 Qxc4 27. bxc4 Rhf8 28. Nxd6 Rxd6 29. c5 Rc6 30. cxb6 axb6 31. Rc1 Rxc1+ 32. Rxc1 Kb7 33. Be5 Rf7 34. Kb2 Be6 35. a3 Rd7 36. Kc3 c5 37. Rc2 Kc6 38.
Rd2 b5 39. Rxd7 Kxd7 40. Kd2 Bc4 41. Ke1 Ke6 42. Bc3 h4 43. Ba5 Kf7 44. Kf2 b4 45.
axb4 cxb4 46. Bxb4 Kg6 47. Be7 Bb5 48. Ke1 Bc4 49. Bd8 Bb5 50. e5 Bc4 51. Kf2 Kf5 52.
Bf6 Bd5 53. Be7 Bc4 54. Ke1 Bd5 1/2-1/2

[Variant "Standard"]
[Site "Europe Echecs"]

[Event "Champions Chess Tour Finals 2024"]
[Date "2024.12.20"]
[White "Carlsen, Magnus"]
[Black "Vachier-Lagrave, Maxime"]
[WhiteElo "2838"]
[BlackElo "2763"]
[Round "1.1"]
[Result "1-0"]
[TimeControl "600+2"]

1. c4 g6 2. g3 c5 3. Bg2 Bg7 4. Nc3 Nf6 5. Nh3 Nc6 6. Nf4 d6 7. b3 O-O 8. O-O Rb8 9. Bb2 a6 10. d3 Bd7 11. Qd2 b5 12. Ncd5 e6 13. Nxf6+ Bxf6 14. Bxf6 Qxf6 15. e3 Rfd8 16. Rac1 bxc4 17. dxc4 Ne5 18. Rfd1 Bc6 19. Bxc6 Nxc6 20. Nd3 a5 21. h4 a4 22. Rb1 axb3 23.
axb3 Ra8 24. Kg2 h5 25. Qe2 Rdb8 26. Nf4 Rd8 27. Rd2 Kf8 28.
Rbd1 Ke7 29. Qf3 Ra6 30. Rd5 Rd7 31. Qe4 Ne5 32. Rxc5 dxc5 33. Rxd7+ Kxd7 34. Qb7+ Ke8 35. Qxa6 Qf5 36. Qc8+ Ke7 37. Qxc5+ Ke8 38. Qd4 Ng4 39. e4 Qa5 40. Nh3 Qb4 41. Ng5 Qe1 42. c5 e5 43. Qa4+ Kf8 44. Qa2 f6 45.
Qa8+ Ke7 46. Qb7+ Kd8 47. Ne6+ Ke8 48. Qc8+ Ke7 49. Qd8+ 1-0

[Variant "Standard"]
[Site "Europe Echecs"]

[Event "Champions Chess Tour Finals 2024"]
[Date "2024.12.20"]
[White "Firouzja, Alireza"]
[Black "Nepomniachtchi, Ian"]
[WhiteElo "2756"]
[BlackElo "2758"]
[Round "1.1"]
[Result "0-1"]
[TimeControl "600+2"]

1. e4 e5 2. Nf3 Nf6 3. Nxe5 d6 4. Nf3 Nxe4 5. Nc3 Nxc3 6. dxc3 Be7 7. Be3 Nd7 8. Qd2 O-O 9. O-O-O Nf6 10. Bd3 Re8 11. Rhe1 Bg4 12. c4 g6 13. Kb1 Qd7 14. Bd4 Bxf3 15. gxf3 Nh5 16. Be4 c6 17. f4 Qg4 18. f5 Bf6 19. f3 Qh4 20. Bf2 Qxh2 21. Rh1 Qf4 22. Qxf4 Nxf4 23. Rxd6 Kg7 24. Bc5 Nh5 25. Rg1 Red8 26. Rxd8 Bxd8 27. Rd1 Bb6 28. Bb4 Rd8 29. Bc3+ Kg8 30. Bd3 Nf4 31.
fxg6 fxg6 32. c5 Bxc5 33. Bc4+ Nd5 34. Be5 Kf7 35. f4 Ke6 36.
Rh1 h5 37. Bd3 Bd6 38. Bxd6 Rxd6 39. f5+ gxf5 40. Rxh5 Ne7 41. Kc1 Rd4 42. Kd2 Rg4 43. Rh6+ Rg6 44. Rh7 a5 45. a4 Rf6 46.
Ke3 b6 47. Bc4+ Kd6 48. Kf4 Nd5+ 49. Kg5 Rf8 50. Rh6+ Kc5 51. Bd3 f4 52. Rh2 Kd4 53. Re2 f3 54. Re4+ Kc5 55. Rc4+ Kd6 56. Re4 f2 57. Bf1 Rg8+ 58. Kf5 Rg1 0-1

[Variant "Standard"]
[Site "Europe Echecs"]

[Event "Champions Chess Tour Finals 2024"]
[Date "2024.12.20"]
[White "Vachier-Lagrave, Maxime"]
[Black "Carlsen, Magnus"]
[WhiteElo "2763"]
[BlackElo "2838"]
[Round "1.2"]
[Result "1-0"]
[TimeControl "600+2"]

1. e4 c5 2. Nf3 g6 3. c3 d5 4. e5 a6 5. h3 Nc6 6. d4 Bg7 7. g3 Bf5 8.
Bg2 e6 9. O-O Nge7 10. Be3 Qb6 11. g4 Be4 12. Qb3 Qxb3 13. axb3 cxd4 14. cxd4 Bxf3 15. Bxf3 f6 16. exf6 Bxf6 17. Rd1 Nb4 18. Rd2 Nec6 19. Nc3 Rf8 20. Kg2 Kd7 21. Na4 Rae8 22. Nc5+ Kc7 23. g5 Bg7 24. Bg4 e5 25. dxe5 Bxe5 26. Re2 d4 27. Bd2 d3 28.
Re4 Bxb2 29. Rae1 Rxe4 30. Rxe4 Kd6 31. Bxb4 Nxb4 32. Nxb7+ Kd5 33. Rxb4 d2 34. Na5 Bd4 35. Nc4 Rxf2+ 36. Kg3 Rf8 37. Nxd2 Bf2+ 38. Kg2 Bc5 39. Rb7 Rf2+ 40. Kg3 Rxd2 41. Rxh7 Bd6+ 42. Kf3 Rd3+ 43. Ke2 Rxb3 44. Rg7 Ke4 45. Rxg6 Rb2+ 46. Kd1 Bf4 47. Re6+ Kd3 48. Bf5+ Kc3 49. g6 Bh6 50. Rxa6 Kd4 51. Re6 Rf2 52. Bg4 Kd5 53.
Re7 Rf6 54. g7 Rg6 55. Re6 Rxg4 56. hxg4 Bxg7 57. Re8 1-0

[Variant "Standard"]
[Site "Europe Echecs"]

[Event "Champions Chess Tour Finals 2024"]
[Date "2024.12.20"]
[White "Nepomniachtchi, Ian"]
[Black "Firouzja, Alireza"]
[WhiteElo "2758"]
[BlackElo "2756"]
[Round "1.2"]
[Result "1-0"]
[TimeControl "600+2"]

1. e4 c5 2. Nf3 e6 3. d4 cxd4 4. Nxd4 Nc6 5. Nc3 Qc7 6. Be3 a6 7. a3 b5 8. Nxc6 Qxc6 9. Qd4 Qd6 10. O-O-O Qxd4 11. Bxd4 Bb7 12. f3 Ne7 13.
a4 b4 14. Na2 Nc6 15. Bf2 Be7 16. Kb1 d6 17. Nc1 O-O 18. Nb3 Rfc8 19. Bg3 Bf8 20. Be2 e5 21. Rd2 a5 22. Bf2 Ba6 23. Bxa6 Rxa6 24. Rhd1 f6 25. Rd5 Kf7 26. Rb5 Ke6 27. Rdd5 Rca8 28. Rb6 Be7 29. Rb7 f5 30.
Nd2 fxe4 31. fxe4 Rc8 32. Be3 Nd8 33. Rb6 Raa8 34. b3 Nf7 35. Nc4 Bd8 36. Rb7 Bc7 37. Rbb5 Nd8 38. Bb6 Ra6 39. Bxc7 Rxc7 40. Nxa5 Nf7 41. Rxb4 Ng5 42. Rdb5 Rc5 43. Nb7 Rc7 44. h4 Nf7 45.
Na5 g5 46. h5 g4 47. Nc4 Ng5 48. Rb7 Rxb7 49. Rxb7 Nxe4 50. Rxh7 Kf5 51. h6 d5 52. Ne3+ Ke6 53. Rg7 Ra8 54. Nxg4 d4 55.
h7 Rh8 56. a5 Nd6 57. a6 Nf5 58. Rb7 Nd6 59. Rg7 Nf5 60. Rg6+ Ke7 61. a7 e4 62. Rg8 1-0

[Variant "Standard"]
[Site "Europe Echecs"]

[Event "Champions Chess Tour Finals 2024"]
[Date "2024.12.20"]
[White "Carlsen, Magnus"]
[Black "Vachier-Lagrave, Maxime"]
[WhiteElo "2838"]
[BlackElo "2763"]
[Round "1.3"]
[Result "1-0"]
[TimeControl "600+2"]

1. d4 Nf6 2. c4 g6 3. g3 c6 4. Bg2 d5 5. Nf3 Bg7 6. O-O O-O 7. Re1 dxc4 8.
e4 b5 9. a4 a5 10. axb5 cxb5 11. Nc3 Bb7 12. d5 b4 13.
Na4 Nbd7 14. e5 Nxd5 15. e6 N7b6 16. exf7+ Rxf7 17. Ng5 Rf5 18. g4 Rf6 19. Nc5 Bc6 20. Nce6 Qd7 21. Nxg7 Kxg7 22. Ne4 Nf4 23. Qxd7 Nxd7 24. Nxf6 Nxg2 25. Re6 Nxf6 26. Rxc6 Ne1 27. Rxc4 Nd3 28. g5 Nd7 29. Rc7 N7e5 30. Rxe7+ Kg8 31. Be3 a4 32. Kg2 a3 33.
bxa3 b3 34. Bd4 Nf4+ 35. Kf1 Nf3 36. Bf6 Nxh2+ 37. Kg1 Nf3+ 38. Kh1 Nd3 39. Re3 Nfe1 40. Raxe1 Nxe1 41. Rxe1 Rxa3 42. Re8+ Kf7 43. Re7+ Kf8 44. Rxh7 Ra2 45. Kg2 1-0

[Variant "Standard"]
[Site "Europe Echecs"]

[Event "Champions Chess Tour Finals 2024"]
[Date "2024.12.20"]
[White "Firouzja, Alireza"]
[Black "Nepomniachtchi, Ian"]
[WhiteElo "2756"]
[BlackElo "2758"]
[Round "1.3"]
[Result "1/2-1/2"]
[TimeControl "600+2"]

1. Nf3 d5 2. b3 Bf5 3. Bb2 e6 4. g3 Nf6 5. Bg2 h6 6. O-O Be7 7. d3 O-O 8.
Nbd2 a5 9. a3 Bh7 10. Re1 c6 11. e4 Re8 12. Qe2 Bf8 13. h3 Qc7 14. e5 Nfd7 15.
g4 c5 16. g5 a4 17. gxh6 gxh6 18. Nh2 Nc6 19. Ng4 Nd4 20.
Bxd4 cxd4 21. Nf3 axb3 22. cxb3 Qc3 23. Bf1 Rec8 24. Rec1 Qxb3 25. Rab1 Qa4 26. Rxc8 Rxc8 27. Rxb7 Bg7 28. Qd2 Qc6 29. Ra7 Ra8 30.
Nxd4 Qc8 31. Nxh6+ Bxh6 32. Rxa8 Qxa8 33. Qxh6 Nxe5 34. Qg5+ Ng6 35. h4 Qa4 36. Nf3 Qf4 37. Qxf4 Nxf4 38. a4 Nxd3 39. a5 Nc5 40.
a6 Nxa6 41. Bxa6 Kg7 42. Kh2 f6 43. Bb7 Kf7 44. Kg3 Ke7 45. h5 Kd6 46. h6 Ke7 47.
Nh4 d4 48. f4 Kf7 49. Bf3 Bc2 50. Bg4 e5 51. f5 Kg8 52. Nf3 Kh7 53. Ne1 Be4 54.
Kh4 Kxh6 55. Nf3 Bc2 56. Kg3 Be4 57. Nd2 Bc2 58. Nf3 Be4 59. Nd2 Bc2 60. Nf3 1/2-1/2

[Variant "Standard"]
[Site "Europe Echecs"]

[Event "Champions Chess Tour Finals 2024"]
[Date "2024.12.20"]
[White "Vachier-Lagrave, Maxime"]
[Black "Carlsen, Magnus"]
[WhiteElo "2763"]
[BlackElo "2838"]
[Round "1.4"]
[Result "1/2-1/2"]
[TimeControl "600+2"]

1. e4 e5 2. Nf3 Nc6 3. Bb5 a6 4. Ba4 Nf6 5. O-O Be7 6. Re1 b5 7. Bb3 O-O 8. a4 Rb8 9. axb5 axb5 10. h3 d6 11. c3 b4 12. d3 bxc3 13. bxc3 h6 14. Nbd2 Bd7 15.
Nf1 Ra8 16. Rb1 Re8 17. g4 Be6 18. Ba4 Bd7 19. Ne3 Nd4 20. Bxd7 Nxf3+ 21. Qxf3 Nxd7 22. Nf5 Bg5 23. Bxg5 hxg5 24. Kg2 g6 25.
Ne3 Nf8 26. Nd5 Kg7 27. Rb7 Ne6 28. Reb1 Rf8 29. Kg1 Rc8 30.
Ra7 f6 31. Rbb7 Rf7 32. Qd1 Nc5 33. Rb1 Rb8 34. Kh2 c6 35. Rxf7+ Kxf7 36. Ne3 Rxb1 37. Qxb1 Qc7 38. Kg3 Kg7 39. h4 gxh4+ 40. Kxh4 Ne6 41. Ng2 d5 42. Kg3 dxe4 43. dxe4 Qd7 44. f3 Qd2 45.
Qb7+ Kh6 46. Qc8 Nd8 47. Qc7 Ne6 48. Qc8 Nd8 49. c4 Kg7 50. Qc7+ Kf8 51. Nh4 Qe1+ 52. Kg2 Qe2+ 53. Kg3 Qe1+ 54. Kg2 Qe2+ 1/2-1/2

[Variant "Standard"]
[Site "Europe Echecs"]

[Event "Champions Chess Tour Finals 2024"]
[Date "2024.12.20"]
[White "Nepomniachtchi, Ian"]
[Black "Firouzja, Alireza"]
[WhiteElo "2758"]
[BlackElo "2756"]
[Round "1.4"]
[Result "1-0"]
[TimeControl "600+2"]

1. e4 c5 2. Nf3 d6 3. d4 cxd4 4. Nxd4 Nf6 5. Nc3 a6 6. Be2 e5 7. Nb3 Be7 8.
O-O O-O 9. Qd3 Be6 10. Rd1 a5 11. Be3 Nc6 12. a3 Nd7 13. Nd5 a4 14. Nd2 Bg5 15.
Bxg5 Qxg5 16. Nc7 Nc5 17. Qxd6 Rad8 18. Qxc5 Rxd2 19. Rxd2 Qxd2 20. Bf1 Nd4 21. Bd3 Qg5 22. Kh1 h5 23. Rf1 Qf4 24. f3 h4 25.
c3 h3 26. cxd4 Qd2 27. gxh3 Qxd3 28. Rf2 Bxh3 29. Qc2 Qxd4 30. Nd5 b6 31. Rd2 Qc5 32. Qxc5 bxc5 33. Kg1 Be6 34. Nc3 Ra8 35.
Kf2 g6 36. Rd6 Kg7 37. Rc6 Rb8 38. Nxa4 Bd7 39. Rb6 Rc8 40.
Nc3 Rh8 41. Kg3 Be6 42. a4 Rd8 43. a5 Ra8 44. Rb5 Rc8 45. a6 Bc4 46. Ra5 f5 47.
a7 1-0

[Variant "Standard"]
[Site "Europe Echecs"]

[Event "Champions Chess Tour Finals 2024"]
[Date "2024.12.20"]
[White "Carlsen, Magnus"]
[Black "Vachier-Lagrave, Maxime"]
[WhiteElo "2838"]
[BlackElo "2763"]
[Round "1.5"]
[Result "1-0"]
[TimeControl "600+2"]

1. e4 c5 2. c3 d5 3. exd5 Qxd5 4. d4 Nf6 5. Nf3 Nc6 6. Be2 e6 7. O-O Be7 8. c4 Qd8 9. dxc5 O-O 10. Nc3 Bxc5 11. a3 a5 12. Na4 Ba7 13. Bf4 Bd7 14. Nc3 Bb8 15.
Qc1 Bxf4 16. Qxf4 Qb8 17. Qe3 a4 18. Rad1 Ne7 19. Bd3 Bc6 20. Ne5 Ra5 21. Rfe1 h6 22. Bc2 Nf5 23. Qe2 Qa7 24. Bxf5 exf5 25. Nxc6 bxc6 26. h3 Qc5 27. Qe7 Qxc4 28. Rd8 Nh7 29. Red1 Qe6 30. Qxe6 fxe6 31. R8d6 Rb8 32. R1d2 e5 33. Rxc6 Nf6 34. Rc4 Rba8 35. f3 R8a7 36. Kf2 Kh7 37. Rd6 e4 38. fxe4 Rb7 39. Rb4 Re7 40.
Rdd4 fxe4 41. Rxa4 e3+ 42. Ke2 Rae5 43. g4 h5 44. Rac4 Kg6 45. b4 Kg5 46. a4 Kh4 47.
g5+ Kxg5 48. a5 Rf5 49. Ne4+ Kg6 50. Kxe3 Rf1 51. Kd2 Rh1 52.
Nxf6 gxf6 53. Rd3 Ra1 54. Kc2 Re2+ 55. Kb3 Raa2 56. Rf4 Reb2+ 57. Kc4 Kg5 58. Rdf3 1-0

[Variant "Standard"]
[Site "Europe Echecs"]

[Event "Champions Chess Tour Finals 2024"]
[Date "2024.12.17"]
[White "Vachier-Lagrave, Maxime"]
[Black "Aronian, Levon"]
[WhiteElo "2763"]
[BlackElo "2818"]
[Round "2.1"]
[Result "1-0"]
[TimeControl "600+2"]

1. e4 c5 2. Nf3 d6 3. d4 cxd4 4. Nxd4 Nf6 5. Nc3 a6 6. h3 g6 7. g4 h6 8. Bg2 Bg7 9. O-O O-O 10. Be3 Nc6 11. Qd2 h5 12. g5 Nd7 13. f4 Nxd4 14. Bxd4 Bxd4+ 15. Qxd4 b5 16. e5 dxe5 17. fxe5 Rb8 18. Rad1 Qc7 19. Nd5 Qxe5 20. Qxe5 Nxe5 21. Nxe7+ Kg7 22. Rfe1 Nc4 23. b3 Na3 24. c3 Be6 25.
Nc6 Rb6 26. Nd4 Rc8 27. Nxe6+ Rxe6 28. Rxe6 fxe6 29. Rd7+ Kf8 30. Rd6 Ke7 31. Rxa6 Nb1 32. Be4 Nxc3 33. Bxg6 Ne2+ 34. Kh2 h4 35.
Be4 Ng3 36. Bd3 Rc3 37. Bxb5 Rc2+ 38. Kg1 Rc5 39. Bc4 Rxg5 40. Rxe6+ Kd7 41. Kf2 Nh1+ 42. Kf1 Ng3+ 43. Ke1 Rf5 44. Rh6 Rf4 45.
a4 Ne4 46. a5 Nd6 47. Be2 Rb4 48. a6 Rxb3 49. a7 Ra3 50. Rh8 Ra1+ 51. Kf2 1-0

[Variant "Standard"]
[Site "Europe Echecs"]

[Event "Champions Chess Tour Finals 2024"]
[Date "2024.12.17"]
[White "Firouzja, Alireza"]
[Black "So, Wesley"]
[WhiteElo "2756"]
[BlackElo "2826"]
[Round "2.1"]
[Result "0-1"]
[TimeControl "600+2"]

1. Nf3 d5 2. c4 e6 3. g3 Nf6 4. Bg2 d4 5. O-O Nc6 6. e3 e5 7. d3 Bg4 8. h3 Bxf3 9. Bxf3 dxe3 10. Bxe3 Qd7 11. Nc3 Be7 12. Qa4 O-O 13.
Kg2 Rfd8 14. Rad1 Nd4 15. Qxd7 Rxd7 16. Bxb7 Rb8 17. Be4 Rxb2 18. Rb1 Nxe4 19. dxe4 Rc2 20. Nd5 f6 21. Rb7 Rxa2 22. Rfb1 Ne6 23. Nxe7+ Rxe7 24. Rxa7 Rxa7 25. Bxa7 c5 26. Bb8 Rd7 27. Rb6 Ng5 28.
Rc6 Nxe4 29. Kf3 Rd4 30. h4 h5 31. Ke3 Rxc4 32. f3 Nxg3 0-1

[Variant "Standard"]
[Site "Europe Echecs"]

[Event "Champions Chess Tour Finals 2024"]
[Date "2024.12.17"]
[White "Carlsen, Magnus"]
[Black "Nepomniachtchi, Ian"]
[WhiteElo "2838"]
[BlackElo "2758"]
[Round "2.1"]
[Result "1-0"]
[TimeControl "600+2"]

1. e4 e5 2. Nf3 Nf6 3. Nxe5 d6 4. Nf3 Nxe4 5. Nc3 Nxc3 6. dxc3 Be7 7. Bf4 Nd7 8. Qd2 O-O 9. O-O-O Nc5 10. h4 Re8 11. Bc4 Be6 12. Bxe6 Nxe6 13. Be3 c6 14. c4 Bf8 15. h5 a6 16. h6 g6 17. Qc3 Qe7 18. Rhe1 f5 19. Kb1 Qf7 20.
Bc1 f4 21. Rh1 Be7 22. Rhe1 Bf8 23. g4 Bxh6 24. Rxd6 Bg7 25. Qa5 Nf8 26. b3 Rxe1 27. Qxe1 Re8 28. Qd2 Qe7 29. Bb2 Qe2 30.
Qxf4 Qf1+ 31. Qc1 Qxf2 32. Bxg7 Kxg7 33. Qf4 Re6 34. Rd8 Qc5 35.
Rb8 Qe7 36. g5 c5 37. a4 a5 38. Qd2 b6 39. Qc3+ Kg8 40. Qd2 Qc7 41. Rd8 Qf7 42. Qd5 Kg7 43. Rb8 Nd7 44. Rb7 Re7 45. Qd6 Kf8 46. Rxd7 1-0

[Variant "Standard"]
[Site "Europe Echecs"]

[Event "Champions Chess Tour Finals 2024"]
[Date "2024.12.17"]
[White "Lazavik, Denis"]
[Black "Keymer, Vincent"]
[WhiteElo "2553"]
[BlackElo "2649"]
[Round "2.1"]
[Result "1/2-1/2"]
[TimeControl "600+2"]

1. c4 e6 2. Nc3 Bb4 3. e4 Ne7 4. Nf3 O-O 5. d4 d5 6. Bd3 dxc4 7. Bxc4 c5 8.
a3 cxd4 9. axb4 dxc3 10. Qxd8 Rxd8 11. bxc3 b6 12. Bg5 Kf8 13.
Ke2 Bb7 14. Nd2 Nbc6 15. Ba6 Bxa6+ 16. Rxa6 Rac8 17. b5 f6 18.
Be3 Ne5 19. Rxa7 Rxc3 20. Bxb6 Rb8 21. Ba5 Rc2 22. Rc7 Rxc7 23. Bxc7 Rxb5 24. Bxe5 Rxe5 25. Rc1 Rb5 26. Rc2 Rb7 27. h4 Ke8 28.
g3 Kd7 29. Nf3 Nc6 30. Rd2+ Ke7 31. Rc2 Rb6 32. Rc3 Ra6 33.
Ke3 Kd7 34. Nd4 Nxd4 35. Kxd4 Ra4+ 36. Ke3 Ra7 37. Rd3+ Ke7 38. Rc3 Kd7 39. Rd3+ Ke7 1/2-1/2

[Variant "Standard"]
[Site "Europe Echecs"]

[Event "Champions Chess Tour Finals 2024"]
[Date "2024.12.17"]
[White "Aronian, Levon"]
[Black "Vachier-Lagrave, Maxime"]
[WhiteElo "2818"]
[BlackElo "2763"]
[Round "2.2"]
[Result "0-1"]
[TimeControl "600+2"]

1. e4 c5 2. Nf3 d6 3. Bb5+ Bd7 4. Bxd7+ Qxd7 5. O-O Nc6 6.
c3 d5 7. e5 e6 8. d4 Nge7 9. dxc5 Ng6 10. Re1 Bxc5 11. Nbd2 O-O 12. Nb3 Bb6 13. Be3 Qc7 14. Bxb6 Qxb6 15. Qd2 f6 16.
exf6 Rxf6 17. Nbd4 Re8 18. Re3 e5 19. Ne2 Rd8 20. h3 e4 21. Nh2 Nce5 22. b3 Nd3 23.
Rf1 Rdf8 24. Ng4 R6f7 25. Rxd3 exd3 26. Qxd3 Rd8 27. Rd1 Nf4 28.
Nxf4 Rxf4 29. Ne3 Kh8 30. Rd2 Qe6 31. Nc2 Re4 32. c4 d4 33. Ne3 Qe5 34. Nf1 Re1 35.
g3 h6 36. Kg2 Qe4+ 37. Qxe4 Rxe4 38. Ne3 Rde8 39. Nf5 Re2 40. Rxd4 Rxa2 41. Rd7 Ree2 42. g4 Rxf2+ 43. Kg3 Rfb2 44. Nxg7 Rxb3+ 45. Kh4 Rh2 46. Kh5 Rhxh3+ 47. Kg6 Rb6+ 48. Kf7 Rf3+ 49. Nf5 h5 50.
Rd1 Rf4 51. Rh1 Rh6 52. Ke7 Rh7+ 53. Kf6 hxg4 54. Rd1 Rc7 55. Kg5 Rxf5+ 56. Kxf5 g3 57. Rd8+ Kh7 58. Rd1 g2 0-1

[Variant "Standard"]
[Site "Europe Echecs"]